 Dungeon Crawl Stone Soup version 0.30-a0-1116-gebefce21f7 (webtiles) character file.

Game seed: 11357071747426980822

94 Arzdou the Chiller (level 4, -7/36 HPs)
             Began as a Draconian Ice Elementalist on Apr 21, 2023.
             Killed from afar by Terence (11 damage)
             ... with a puff of flame
             ... on level 3 of the Dungeon.
             The game lasted 00:04:38 (1977 turns).

Arzdou the Chiller (Draconian Ice Elementalist)     Turns: 1977, Time: 00:04:38

Health: -7/36      AC:  5    Str: 12    XL:     4   Next: 38%
Magic:  3/7        EV: 12    Int: 16    God:
Gold:   125        SH:  0    Dex: 11    Spells: 4/8 levels left

rFire   . . .      SeeInvis .      - Unarmed
rCold   . . .      Faith    .    (no shield)
rNeg    + . .      Spirit   .    (body armour unavailable)
rPois   .          Reflect  .    (helmet restricted)
rElec   .          Rampage  .    (no cloak)
rCorr   .                        (no gloves)
Will    .....                    (no boots)
Stlth   ++                       (no amulet)
HPRegen 0.26/turn                b - ring of positive energy
MPRegen 0.10/turn                g - ring of flight

@: flying
A: AC +5, unfitting armour, cold-blooded
a: no special abilities


You were on level 3 of the Dungeon.
You visited 1 branch of the dungeon, and saw 3 of its levels.

You collected 125 gold pieces.

Inventory:

Jewellery
 b - a ring of positive energy (left hand)
 g - a ring of flight (right hand)
Scrolls
 c - 2 scrolls of butterflies {unknown}
 h - a scroll of immolation {unknown}
Potions
 a - 2 potions of magic
 d - 4 potions of heal wounds {unknown}
 e - a potion of flight {unknown}
 f - a potion of ambrosia {unknown}
 i - a potion of brilliance {unknown}


   Skills:
 * Level 2.0 Fighting
 + Level 1.9 Dodging
 - Level 1.8 Stealth
 * Level 1.2 Unarmed Combat
 + Level 2.6 Spellcasting
 * Level 4.7 Ice Magic


You had 4 spell levels left.
You knew the following spells:

 Your Spells              Type           Power      Damage    Failure   Level
a - Freeze                Ice            68%        1d8       2%          1
b - Frozen Ramparts       Ice            34%        1d6       9%          3

Your spell library contained the following spells:

 Spells                   Type           Power      Damage    Failure   Level
 Ozocubu's Armour         Ice            17%        N/A       9%          3
 Sandblast                Erth           4%         2d4       21%         1
 Hailstorm                Conj/Ice       9%         3d4       22%         3
 Passwall                 Tmut/Erth      1%         N/A       30%         2
 Dazzling Flash           Conj/Hex       4%         N/A       52%         3
 Stone Arrow              Conj/Erth      4%         3d7       52%         3
 Volatile Blastmotes      Fire/Tloc      4%         2d10      52%         3
 Ice Form                 Ice/Tmut       9%         N/A       58%         4
 Summon Ice Beast         Ice/Summ       9%         N/A       58%         4
 Iskenderun's Mystic Bla  Conj/Tloc      2%         2d3       89%         4
 Simulacrum               Ice/Necr       4%         N/A       100%        6
 Starburst                Conj/Fire      1%         6d3       100%        6


Dungeon Overview and Level Annotations

Branches:
Dungeon (3/15)

Altars:

Shops:
D:1 [

Annotations:
D:3 Terence


Innate Abilities, Weirdness & Mutations

Your plain brown scales are hard. (AC +5)
You cannot fit into any form of body armour.
You are cold-blooded and may be slowed by cold attacks.


Message History

Casting: Frozen Ramparts (dangerous; 9% risk of failure)
Press: ? - help, Dir - look around, f - activate The walls around you are covered in ice.
The wall freezes Terence but does no damage.
Terence hits you but does no damage.
The wall freezes Terence but does no damage.
Terence barely misses you.
The wall freezes Terence but does no damage.
Terence zaps a wand.
The puff of flame hits you.
The wall freezes Terence.
Terence hits you but does no damage.
The wall freezes Terence.
Terence closely misses you.
The wall freezes Terence.
Terence misses you.
The wall freezes Terence.
Terence hits you from afar with a +0 trident!
The wall freezes Terence.
Terence completely misses you.
The frozen ramparts melt away.
Terence barely misses you.
Casting: Frozen Ramparts (dangerous; 9% risk of failure)
Confirm with . or Enter, or press ? or * to list all spells.
Casting: Frozen Ramparts (dangerous; 9% risk of failure)
Press: ? - help, Dir - look around, f - activate The walls around you are covered in ice.
The wall freezes Terence.
Terence hits you from afar with a +0 trident.
The wall freezes Terence but does no damage.
Terence hits you from afar with a +0 trident!
The wall freezes Terence.
Terence hits you but does no damage.
The wall freezes Terence but does no damage.
Terence hits you but does no damage.
The wall freezes Terence but does no damage.
Terence barely misses you.
The wall freezes Terence but does no damage.
Terence hits you from afar with a +0 trident.
The wall freezes Terence but does no damage.
Terence hits you from afar with a +0 trident.
The wall freezes Terence.
Terence zaps a wand.
The puff of flame hits you!
* * * LOW HITPOINT WARNING * * *
Your frozen ramparts will break if you move.
Continue?
The frozen ramparts melt away as you move.
Terence zaps a wand.
The puff of flame hits you!
You die...

...†....# ........#
........# #+##...#####
#..'...'...#######
#.##...###.#.....#
..##...#.#.#...#.#
#.######.#.#.#.#.# #.#
#.......#@##### #.#
#.###.###...@.# #.#
#.###.#######.# #.##
#.##<.#<# .# ...#
#.#...#.# .#
.#.#####.#..##.# .#
.+.#...........# .#
.###.##....#.........#
.# #.##......#........


You could see Terence.

Vanquished Creatures
  5 adders
  A worm (D:2)
  4 endoplasms
  2 giant cockroaches
  4 goblins
  5 hobgoblins
  5 quokkas
  A ball python (D:2)
  6 bats
  2 frilled lizards
  2 kobolds (D:1)
  7 rats
44 creatures vanquished.

Vanquished Creatures (others)
  4 demonic plants (D:1)
  A withered plant (D:1)
5 creatures vanquished.

Grand Total: 49 creatures vanquished

Notes
Turn   | Place    | Note
-------+----------+-------------------------------------------
     0 | D:1      | Arzdou the Draconian Ice Elementalist began the quest for
                  | the Orb.
     0 | D:1      | Reached XP level 1. HP: 14/14 MP: 3/3
   187 | D:1      | Reached XP level 2. HP: 18/22 MP: 3/5
   260 | D:1      | Found Pim Kic's Armour Shop.
   481 | D:1      | Found a faded altar of an unknown god.
   776 | D:2      | Reached skill level 1 in Fighting
  1027 | D:2      | Reached XP level 3. HP: 24/28 MP: 1/6
  1031 | D:2      | Learned a level 3 spell: Frozen Ramparts
  1142 | D:2      | Reached skill level 1 in Unarmed Combat
  1480 | D:2      | Reached XP level 4. HP: 33/35 MP: 4/7
  1957 | D:3      | Noticed Terence
  1977 | D:3      | Killed from afar by Terence

Illustrated notes

Levels and vault maps discovered:
D:1:      spicycebolla_arrival_risky_transporter, layout_rooms,
          shapermc_ecumenical_altar_gd, serial_shops,
          nicolae_shop_tiny_real_fake_doors, hangedman_decor_clover_reticule,
          serial_park_tiny_pond, minmay_misc_feat_chi
D:2:      layout_loops_ring, minmay_octomino_e4
D:3:      layout_basic, serial_shops, nicolae_shop_peninsula, uniq_terence

Skill      XL: |  1  2  3  4 |
---------------+-------------+-----
Fighting       | 1 2 |  2.0
Unarmed Combat | 1 |  1.2
Dodging        | |  1.9
Stealth        | |  1.8
Spellcasting   | |  2.6
Ice Magic      | |  4.7

Action                     |  1- 3 |  4- 6 || total
---------------------------+-------+-------++-------
  Melee: Unarmed           |    62 |       ||    62
         Tailslap          |     7 |       ||     7
   Cast: Freeze            |    46 |    16 ||    62
         Frozen Ramparts   |       |     2 ||     2
   Stab: Sleeping          |     1 |       ||     1
 Armour: Skin              |    37 |     7 ||    44
  Dodge: Dodged            |    81 |    15 ||    96

Table legend: (Time is in decaauts)
 A = Elapsed time spent in this place.
 B = Non-inter-level travel time spent in this place.
 C = Inter-level travel time spent in this place.
 D = Time resting spent in this place.
 E = Time spent auto-exploring this place.
 F = Levels seen in this place.
 G = Mean time per level.
                   A        B        C        D        E       F      G
               +--------+--------+--------+--------+--------+-----+--------+
         Total |   1981 |   1950 |     31 |      5 |   1589 |   3 |  660.3 |
       Dungeon |   1981 |   1950 |     31 |      5 |   1589 |   3 |  660.3 |
               +--------+--------+--------+--------+--------+-----+--------+

Top non-repeatable levels by time:
     D:2: 1066 daAuts
     D:1: 729 daAuts
     D:3: 184 daAuts
